Map: Tours du crépuscule

Players

LiquidBunny (Bunny) - Winner!

  • Race: Terran Terran
  • League: Grandmaster

Elazer

  • Race: Zerg Zerg
  • League: Grandmaster

VOD

Have the link to the VOD?

Description

Time

  • Played on: Feb. 24, 2016, 3:21 p.m.
  • Length: 17:10
Show
View Real Time Build Order
Export as new Build Order

LiquidBunny Terran - Winner!

Build Orders: Command Center First (CC), Liberator Opening, Bio Tank 

Get SALT Encoding   

  12  0:00  SCV  
  13  0:13  SCV  
  14  0:17  Supply Depot  
  14  0:25  SCV  
  15  0:38  SCV  
  16  0:50  SCV  
  17  0:59  Command Center  
  17  1:03  SCV  
  18  1:14  Barracks  
  18  1:16  SCV  
  19  1:23  Refinery  
  19  1:28  SCV  
  19  1:31  Refinery  
  20  1:40  SCV  
  21  1:52  SCV  
  22  2:05  Orbital Command  
  23  2:10  Orbital Command  
  23  2:13  Factory  
  22  2:16  Marine  
  23  2:23  Supply Depot  
  23  2:30  SCV  
  24  2:37  SCV  
  24  2:39  Barracks Reactor  
  24  2:42  SCV  
  26  2:49  SCV  
  27  2:54  SCV  
  27  2:57  Starport  
  28  2:59  Factory Reactor  
  28  3:01  SCV  
  28  3:04  Refinery  
  29  3:06  SCV  
  30  3:14  SCV  
  30  3:15  Marine x2  
  30  3:18  SCV  
  34  3:21  Liberator x2  
  34  3:24  Supply Depot  
  34  3:26  SCV  
  35  3:30  SCV  
  36  3:38  SCV  
  45  3:41  Hellion  
  45  3:43  Barracks Tech Lab  
  45  3:45  SCV  
  45  3:46  Hellion  
  48  3:50  SCV, Supply Depot  
  49  3:57  SCV  
  50  4:05  SCV, Liberator  
  50  4:06  Command Center  
  52  4:10  SCV  
  52  4:12  Marine, Stimpack  
  53  4:17  SCV  
  53  4:22  SCV  
  58  4:29  SCV  
  58  4:30  Marine  
  60  4:33  Supply Depot  
  60  4:34  Refinery  
  60  4:37  Liberator  
  61  4:38  SCV  
  61  4:41  SCV  
  62  4:47  Barracks  
  62  4:48  Factory Reactor, Liberator  
  62  4:50  Barracks  
  62  4:54  SCV x2  
  62  4:55  Marine  
  65  5:06  SCV x2  
  70  5:16  Supply Depot  
  70  5:17  Marine  
  70  5:18  Orbital Command  
  70  5:19  SCV x2  
  70  5:23  Engineering Bay x2  
  70  5:31  SCV x2  
  70  5:35  Marine x3  
  74  5:38  Factory Reactor  
  74  5:39  Orbital Command  
  75  5:43  SCV x2, Supply Depot  
  75  5:46  Marine x2  
  75  5:48  Barracks  
  75  5:49  Barracks  
  79  5:50  Medivac  
  79  5:52  Medivac  
  79  5:53  Marine x2  
  79  5:55  SCV x2  
  79  5:56  Supply Depot  
  87  5:59  Terran Infantry Weapons Level 1  
  87  6:02  Terran Infantry Armor Level 1  
  87  6:04  SCV  
  87  6:07  SCV x2  
  87  6:11  Marine  
  91  6:15  Marine x2  
  91  6:16  SCV  
  91  6:17  Combat Shields  
  94  6:19  SCV x2  
  94  6:21  Marine  
  94  6:22  Marine  
  94  6:24  Factory Tech Lab  
  98  6:28  Marine, SCV, Medivac  
  98  6:31  SCV x2  
  101  6:33  Marine  
  101  6:35  Marine  
  101  6:39  Marine  
  104  6:40  SCV, Marine  
  104  6:43  SCV, Barracks Reactor x2  
  104  6:44  SCV  
  104  6:46  Marine  
  108  6:51  Marine, Supply Depot  
  109  6:55  Siege Tank, Armory, Supply Depot  
  109  6:56  Factory, Supply Depot  
  109  6:58  Marine x3  
  109  6:59  SCV  
  113  7:04  Marine  
  113  7:07  Medivac  
  113  7:08  Marine, Refinery x2  
  116  7:13  SCV  
  118  7:16  Marine x3  
  118  7:19  Marine  
  118  7:22  Marine x2  
  121  7:26  Marine  
  121  7:27  Marine x2  
  122  7:32  Siege Tank  
  122  7:34  Marine x3  
  128  7:37  Marine  
  128  7:40  Marine x2  
  128  7:44  SCV, Marine  
  132  7:45  Marine x2  
  133  7:51  Marine x3  
  133  7:55  Marine  
  133  7:57  Factory Tech Lab  
  133  7:58  Terran Infantry Weapons Level 2, Marine x2, Terran Infantry Armor Level 2  
  138  8:02  Marine x3  
  138  8:04  Siege Tank  
  140  8:09  Marine  
  140  8:10  Marine  
  141  8:18  Marine  
  141  8:19  Marine, Command Center  
  141  8:20  Medivac x2, SCV, Marine x4  
  141  8:23  Marine  
  149  8:40  Barracks  
  149  8:42  Barracks x2, Supply Depot  
  149  8:44  Marine x5  
  149  8:45  Siege Tank, Supply Depot  
  149  8:46  Supply Depot  
  157  8:57  Marine  
  157  8:58  Medivac x2, Marine x3  
  157  8:59  Siege Tank  
  157  9:02  Marine x5  
  152  9:06  SCV  
  155  9:10  SCV  
  155  9:11  Liberator x2  
  155  9:15  Marine  
  155  9:16  Marine x3  
  156  9:17  Siege Tank  
  156  9:20  Marine x5  
  150  9:31  Siege Tank, SCV  
  158  9:33  Marine x2  
  158  9:34  SCV, Marine x2  
  158  9:38  Marine x5  
  154  9:49  Siege Tank  
  154  9:50  Marine  
  154  9:51  Marine x3  
  157  9:56  Marine x3  
  156  10:01  Marine x2  
  156  10:03  Siege Tank  
  160  10:08  Marine  
  160  10:09  Marine x2  
  160  10:10  Marine  
  160  10:11  Medivac x2  
  160  10:13  Marine x3  
  167  10:19  Marine  
  167  10:20  Marine  
  165  10:21  Siege Tank  
  165  10:26  Marine  
  161  10:29  Marine  
  161  10:30  Marine  
  161  10:31  Marine, Planetary Fortress  
  161  10:32  Marine  
  161  10:34  Marine  
  161  10:35  Siege Tank, Marine  
  160  10:37  Marine  
  160  10:38  Marine  
  160  10:41  Medivac x2  
  150  10:44  Marine  
  150  10:46  Marine  
  150  10:48  Marine x2  
  147  10:50  Marine  
  147  10:52  Marine  
  147  10:53  Siege Tank, SCV, Marauder  
  147  10:55  SCV, Marine  
  147  10:56  Marine  
  152  11:02  Marine, Terran Infantry Weapons Level 3  
  150  11:05  SCV x2  
  150  11:07  SCV  
  150  11:11  Medivac  
  155  11:14  Marauder  
  155  11:15  Terran Infantry Armor Level 3  
  157  11:18  Refinery  
  157  11:19  Refinery  
  157  11:20  Marine x2  
  159  11:29  Marine x2  
  152  11:33  Marine x2  
  152  11:36  SCV x2  
  152  11:38  Marine x2  
  152  11:39  Siege Tank  
  161  11:45  Ghost Academy  
  161  11:47  Barracks Tech Lab  
  161  11:48  Marine, Barracks Tech Lab x2  
  161  11:51  Marine x2  
  161  11:53  Marine x2  
  161  11:54  SCV  
  167  12:01  Liberator x2, Supply Depot  
  163  12:02  Marine x2  
  163  12:03  Marine  
  163  12:05  Marine  
  163  12:06  Marine  
  165  12:09  Marine  
  165  12:11  Marine, Marauder  
  165  12:14  Marine x3  
  165  12:15  Marauder  
  174  12:22  Ghost  
  175  12:23  Starport x2  
  175  12:30  Marine x2, Command Center, Terran Ship Weapons Level 1  
  175  12:32  Ghost, Command Center  
  179  12:41  Ghost x2  
  183  12:46  Marine  
  183  12:51  Ghost  
  186  12:59  Marine  
  186  13:00  Ghost, Marine x2  
  191  13:06  Personal Cloaking, Supply Depot  
  191  13:10  Ghost x2  
  195  13:16  Liberator  
  195  13:19  Ghost  
  195  13:25  Marine  
  189  13:29  Ghost  
  189  13:32  Siege Tank  
  191  13:34  Starport Tech Lab, Liberator  
  191  13:37  Fusion Core  
  191  13:38  Ghost x2  
  195  13:48  Ghost  
  198  14:05  Ghost  
  198  14:08  Sensor Tower  
  200  14:22  Liberator x3  
  200  14:23  Liberator  
  195  14:35  Marine  
  195  14:36  Ghost  
  195  14:37  Ghost  
  198  14:57  Advanced Ballistics  
  197  15:04  Armory  
  197  15:06  Building Armor  
  197  15:07  Planetary Fortress  
  197  15:09  Marine x2  
  197  15:12  Refinery  
  199  15:17  Refinery  
  199  15:21  Planetary Fortress  
  199  15:27  Marine  
  177  15:46  Marine x4  
  177  15:47  Marine x2, Marauder  
  185  15:59  Ghost x2, Marine x2  
  185  16:00  Ghost  
  189  16:07  Ghost  
  170  16:14  Marine x2  
  170  16:15  Marine  
  170  16:23  Marine  
  169  16:28  Ghost x3  
  176  16:36  Ghost  
  176  16:38  Marine x2  
  172  16:47  Marine x2  
Show
View Real Time Build Order
Export as new Build Order

Elazer Zerg 

Build Orders: Hatch First 

Get SALT Encoding   

  12  0:01  Drone  
  13  0:12  Overlord  
  13  0:17  Drone  
  14  0:30  Drone x2  
  14  0:34  Drone  
  17  0:53  Hatchery  
  17  0:54  Drone  
  17  0:57  Drone  
  18  1:08  Extractor  
  17  1:11  Spawning Pool  
  17  1:14  Drone  
  17  1:18  Drone  
  18  1:28  Drone  
  19  1:39  Overlord  
  19  1:58  Queen  
  19  1:59  Zergling x2  
  19  2:00  Zergling x2  
  23  2:05  Drone, Queen  
  26  2:10  Metabolic Boost  
  26  2:12  Drone  
  27  2:17  Drone  
  27  2:22  Drone  
  29  2:33  Hatchery  
  29  2:34  Drone  
  29  2:44  Queen  
  29  2:45  Overlord  
  29  2:48  Drone  
  32  2:52  Drone x2  
  34  3:01  Drone x2  
  36  3:08  Drone x3  
  36  3:10  Drone x2  
  41  3:13  Overlord  
  41  3:14  Drone  
  42  3:23  Queen  
  43  3:29  Overlord  
  43  3:34  Drone x4  
  45  3:38  Extractor, Drone  
  45  3:40  Roach Warren  
  46  3:42  Overlord  
  46  3:44  Drone  
  47  3:50  Queen  
  47  3:51  Drone  
  50  3:56  Drone x2  
  50  4:02  Spore Crawler  
  51  4:04  Overlord  
  51  4:05  Spore Crawler  
  51  4:07  Drone x2  
  51  4:09  Drone x2  
  54  4:20  Overlord  
  54  4:21  Roach x3  
  54  4:23  Drone  
  61  4:27  Overlord  
  61  4:29  Lair  
  61  4:31  Drone  
  61  4:32  Extractor  
  61  4:34  Drone  
  61  4:35  Drone  
  61  4:36  Drone  
  64  4:40  Drone x2  
  64  4:43  Drone x3  
  64  4:45  Ravager x2  
  71  4:48  Drone  
  71  4:49  Spore Crawler  
  71  4:52  Drone x2  
  73  4:59  Spore Crawler  
  71  5:00  Overlord  
  71  5:01  Ravager  
  71  5:03  Drone x2  
  71  5:04  Drone  
  75  5:10  Overlord  
  75  5:12  Drone x3  
  78  5:17  Drone x2  
  78  5:20  Extractor, Drone x2  
  78  5:21  Extractor  
  80  5:26  Overlord  
  80  5:33  Evolution Chamber  
  80  5:35  Glial Reconstitution  
  79  5:36  Overlord, Evolution Chamber  
  79  5:39  Roach x5  
  79  5:41  Drone  
  89  5:43  Extractor  
  89  5:45  Drone x4  
  89  5:47  Drone x2  
  89  5:48  Drone  
  95  6:00  Zerg Melee Weapons Level 1  
  95  6:03  Zerg Ground Armor Level 1  
  95  6:05  Overlord  
  95  6:06  Drone  
  95  6:10  Drone, Hatchery  
  96  6:15  Infestation Pit  
  96  6:18  Overlord  
  95  6:19  Roach x2  
  95  6:23  Overlord  
  95  6:24  Roach  
  95  6:25  Roach  
  107  6:29  Zergling x6  
  105  6:37  Drone  
  106  6:40  Overlord  
  106  6:41  Drone  
  107  6:53  Overlord  
  106  6:58  Zergling x6  
  106  6:59  Zergling x10  
  114  7:02  Ravager x8  
  114  7:05  Overlord  
  122  7:10  Ravager  
  122  7:12  Hive  
  123  7:20  Queen  
  123  7:21  Drone x3  
  122  7:24  Overlord  
  122  7:26  Overlord  
  122  7:28  Drone x6  
  128  7:33  Overlord  
  128  7:34  Drone x4  
  129  7:48  Infestor x3  
  128  7:57  Roach  
  128  7:58  Roach x4  
  135  8:01  Zergling x2  
  135  8:02  Zergling x12  
  137  8:08  Overlord, Zerg Melee Weapons Level 2  
  137  8:20  Overlord  
  137  8:21  Drone x3  
  136  8:27  Overlord  
  136  8:28  Drone  
  136  8:31  Ultralisk Cavern  
  136  8:33  Overlord  
  136  8:38  Extractor  
  136  8:39  Drone x3  
  136  8:40  Extractor, Drone x3  
  140  8:42  Ravager x4  
  140  8:43  Ravager  
  140  8:44  Zergling x14  
  152  8:54  Zergling x6  
  155  9:00  Zergling x4  
  155  9:01  Zergling x6  
  150  9:22  Zerg Ground Armor Level 2, Chitinous Plating  
  143  9:24  Ultralisk  
  140  9:35  Ultralisk x2  
  140  9:37  Zergling x30  
  150  9:53  Ultralisk  
  150  9:54  Zergling x2  
  150  9:55  Zergling x22  
  165  10:01  Extractor  
  165  10:03  Drone x2  
  165  10:04  Drone  
  164  10:09  Ultralisk x2  
  164  10:10  Overlord  
  173  10:15  Zergling x12  
  158  10:24  Ultralisk  
  158  10:25  Zergling x2  
  158  10:26  Zergling x12  
  165  10:33  Ultralisk  
  169  10:48  Drone x3  
  169  10:49  Drone x5  
  155  11:01  Drone x3  
  155  11:02  Drone x3  
  155  11:03  Queen  
  162  11:04  Queen  
  162  11:05  Drone x3  
  162  11:06  Drone x2  
  162  11:11  Adrenal Glands  
  169  11:12  Drone  
  169  11:15  Infestor  
  169  11:17  Infestor  
  174  11:18  Infestor  
  174  11:30  Ultralisk  
  168  11:40  Zergling x18  
  168  11:43  Hatchery  
  170  11:54  Overlord  
  160  12:03  Drone x10  
  160  12:06  Infestor  
  160  12:07  Infestor  
  164  12:09  Extractor  
  164  12:12  Drone, Spire  
  164  12:13  Drone  
  162  12:18  Queen  
  162  12:19  Queen  
  166  12:24  Hatchery  
  165  12:30  Nydus Network  
  164  12:53  Ultralisk  
  164  12:54  Ultralisk  
  171  13:07  Zergling x24  
  171  13:09  Nydus Canal  
  182  13:39  Ultralisk x2  
  194  13:41  Zerg Flyer Weapons Level 1  
  194  13:47  Hatchery  
  193  13:49  Zergling x2, Drone x3  
  193  13:50  Zergling x4  
  199  14:07  Nydus Canal  
  199  14:12  Zerg Melee Weapons Level 3  
  157  14:40  Pneumatized Carapace  
  157  14:41  Overseer  
  157  14:43  Ultralisk x2  
  157  14:44  Zergling x12  
  173  14:49  Drone x5  
  173  14:51  Ultralisk  
  183  14:58  Hatchery  
  183  15:03  Drone x7  
  190  15:08  Zergling x10  
  195  15:20  Drone x3  
  198  15:23  Drone x2  
  198  15:26  Hatchery  
  198  15:27  Nydus Canal  
  195  15:42  Nydus Canal  
  191  15:48  Ultralisk  
  167  16:04  Corruptor x3  
  153  16:17  Corruptor x3  
  142  16:26  Ultralisk  
  134  16:37  Corruptor x2  
  124  16:47  Zergling x4  
Tags
 
Add a new tag
Caveats
  • Supply blocks, unpowered buildings, or Contaminate may cause inaccurate times.
  • Supply counts are checked every 10 seconds.